 Dungeon Crawl Stone Soup version 0.30-a0-1018-g25214051b3 (webtiles) character file.

Game seed: 14219170401128278768

141 Kauriferous the Trooper (level 5, -7/47 HPs)
             Began as a Minotaur Fighter on Apr 7, 2023.
             Mangled by Sigmund
             ... wielding a +0 scythe of protection
              (9 damage)
             ... on level 3 of the Dungeon.
             The game lasted 00:08:12 (1912 turns).

Kauriferous the Trooper (Minotaur Fighter)          Turns: 1912, Time: 00:08:12

Health: -7/47      AC:  7    Str: 22    XL:     5   Next: 3%
Magic:  4/4        EV:  9    Int:  5    God:
Gold:   70         SH:  4    Dex: 10    Spells: 4/4 levels left

rFire   . . .      SeeInvis .    a - +0 war axe
rCold   . . .      Faith    .    c - +0 buckler
rNeg    . . .      Spirit   .    b - +0 scale mail
rPois   .          Reflect  .    (helmet restricted)
rElec   .          Rampage  .    (no cloak)
rCorr   .                        (no gloves)
Will    .....                    (no boots) Stlth
                                 q - amulet of the acrobat
HPRegen 0.27/turn                (no ring)
MPRegen 0.09/turn                (no ring)

@: mighty
A: horns 2, retaliatory headbutt
a: no special abilities


You were on level 3 of the Dungeon.
You visited 1 branch of the dungeon, and saw 3 of its levels.

You collected 70 gold pieces.

Inventory:

Hand Weapons
 a - a +0 war axe (weapon)
Armour
 b - a +0 scale mail (worn)
 c - a +0 buckler (worn)
Jewellery
 q - an amulet of the acrobat (around neck)
Wands
 r - a wand of mindburst (10)
Scrolls
 e - a scroll of noise {unknown}
 f - a scroll of identify {unknown}
 g - a scroll of enchant weapon {unknown}
 i - a scroll of fear {unknown}
 j - a scroll of amnesia {unknown}
 k - a scroll of fog {unknown}
Potions
 d - a potion of might
 h - a potion of attraction {unknown}
 l - a potion of curing {unknown}
 n - 2 potions of flight {unknown}
 o - a potion of invisibility {unknown}
 p - a potion of haste {unknown}


   Skills:
 + Level 4.6 Fighting
 * Level 4.1 Axes
 + Level 4.5 Armour
 + Level 4.5 Shields


You had 4 spell levels left.
You didn't know any spells.
Your spell library contained the following spells:

 Spells                   Type           Power      Damage    Failure   Level
 Summon Small Mammal      Summ           0%         N/A       87%         1


Dungeon Overview and Level Annotations

Branches:
Dungeon (3/15)

Altars:

Annotations:
D:3 Sigmund


Innate Abilities, Weirdness & Mutations

You have a pair of horns on your head.
You reflexively headbutt those who attack you in melee.


Message History

a +0 dagger; 2 boomerangs You closely miss something.
Something hits you but does no damage.
You hit something. Your headbutt misses something. You miss something.
Something hits you but does no damage.
You closely miss something. Something hits you but does no damage.
You closely miss something.
You hear some strange, mumbled words.
A puff of flame appears from out of thin air!
The puff of flame hits you.
You miss something. Your headbutt misses something.
Something hits you but does no damage.
You barely miss something. Something hits you.
* * * LOW HITPOINT WARNING * * *
You slash something! Something hits you.
* * * LOW HITPOINT WARNING * * *
You barely miss something. Something hits you but does no damage.
You barely miss something.
Sigmund appears from thin air!
Reactivating autopickup.
Sigmund barely misses you.
You hit Sigmund but do no damage. Your headbutt misses Sigmund.
Sigmund is severely wounded.
Sigmund hits you with a +0 scythe of protection.
* * * LOW HITPOINT WARNING * * *
Unknown command.
You closely miss Sigmund. You headbutt Sigmund!
Sigmund is almost dead.
Sigmund gestures at you while chanting. The puff of flame hits you.
* * * LOW HITPOINT WARNING * * *
Unknown command.
Aiming: Mindburst
Press: ? - help, Q - select action Shift-Dir - straight line
Okay, then.
You feel very mighty all of a sudden. You block Sigmund's attack.
Unknown command.
You barely miss Sigmund.
Sigmund is almost dead.
Sigmund hits you with a +0 scythe of protection!
You die...

#...# #.......## #..# #...#
#)......### #...
#...#########.).....# ##.# .
#.........###...###.######..
..####...#####........##......###
.......?........##....##......#
..............................#
..........(.....##........†...#
.#####.†..(....@@.....###.....#
#...############.# ##...## #...#
#...####...#### #.).#
#.####........# #...# #.#
#......... #...# ##.## #......#.#
#...# #..)#####...#.#. ##.##
#..<........##.# ...
#...############


You could see Sigmund.

Vanquished Creatures
  Jessica (D:2)
  An orc wizard (D:3)
  Ijyb (D:3)
  An adder (D:2)
  4 orcs (D:3)
  3 bats
  6 endoplasms
  4 goblins
  3 hobgoblins
  4 jackals (D:3)
  5 kobolds
  5 quokkas
  5 ball pythons
  4 rats
47 creatures vanquished.

Notes
Turn   | Place    | Note
-------+----------+-------------------------------------------
     0 | D:1      | Kauriferous the Minotaur Fighter began the quest for the
                  | Orb.
     0 | D:1      | Reached XP level 1. HP: 19/19 MP: 0/0
   194 | D:1      | Reached XP level 2. HP: 26/27 MP: 1/1
   331 | D:1      | Found a faded altar of an unknown god.
   336 | D:1      | Got Plato's Guidebook on Generation
  1014 | D:2      | Reached XP level 3. HP: 32/33 MP: 2/2
  1130 | D:2      | Noticed Jessica
  1134 | D:2      | Killed Jessica
  1266 | D:2      | Reached XP level 4. HP: 40/40 MP: 3/3
  1544 | D:3      | Noticed Ijyb
  1617 | D:3      | Killed Ijyb
  1824 | D:3      | Reached XP level 5. HP: 47/47 MP: 4/4
  1873 | D:3      | Noticed Sigmund
  1909 | D:3      | HP: 2/47 [Sigmund/+0 scythe of protection (5)]
  1912 | D:3      | Mangled by Sigmund

Illustrated notes

Levels and vault maps discovered:
D:1:      zelgadis_glass_arrival_small, layout_loops_cross,
          shapermc_ecumenical_altar_rom_forum, minivault_14, minmay_hedge_maze,
          minivault_11, minmay_misc_feat_rows
D:2:      wander_river, layout_loops_cross, minmay_box_of_dots, uniq_jessica
D:3:      layout_loops_cross, kennysheep_slug_shrine, uniq_ijyb, uniq_sigmund

Skill      XL: |  1  2  3  4 |
---------------+-------------+-----
Armour         | 4 |  4.5
Shields        | 4 |  4.5
Fighting       | 4 |  4.6
Axes           | 3 4 |  4.1

Action                     |  1- 3 |  4- 6 || total
---------------------------+-------+-------++-------
  Melee: War axe           |    66 |    53 ||   119
         Headbutt          |     4 |     6 ||    10
  Throw: Javelin           |       |     4 ||     4
    Use: Potion            |       |     1 ||     1
 Armour: Scale mail        |    23 |    22 ||    45
  Dodge: Dodged            |    33 |    20 ||    53
  Block: Buckler           |    13 |     8 ||    21

Table legend: (Time is in decaauts)
 A = Elapsed time spent in this place.
 B = Non-inter-level travel time spent in this place.
 C = Inter-level travel time spent in this place.
 D = Time resting spent in this place.
 E = Time spent auto-exploring this place.
 F = Levels seen in this place.
 G = Mean time per level.
                   A        B        C        D        E       F      G
               +--------+--------+--------+--------+--------+-----+--------+
         Total |   1980 |   1881 |     99 |    150 |   1294 |   3 |  660.0 |
       Dungeon |   1980 |   1881 |     99 |    150 |   1294 |   3 |  660.0 |
               +--------+--------+--------+--------+--------+-----+--------+

Top non-repeatable levels by time:
     D:1: 848 daAuts
     D:2: 787 daAuts
     D:3: 343 daAuts
